[Event "2nd Serbian League-Vojvodina 2023"]
[Site "Novi Sad"]
[Date "2023.11.03"]
[Round "2.4"]
[White "Mikheev, Stanislav"]
[Black "Milanovic, Marko"]
[Result "1/2-1/2"]
[ECO "D45"]
[WhiteElo "2288"]
[BlackElo "2248"]
[Annotator "RC"]
[PlyCount "147"]
[EventDate "2023.10.22"]
[EventType "team-tourn"]
[EventCountry "SRB"]
[SourceTitle "playchess.com"]
[Source "ChessBase"]
[SourceQuality "1"]
[TimeControl "40/5400+30:1800+30"]

1. d4 d5 2. c4 c6 3. Nf3 Nf6 4. Nc3 e6 5. e3 Nbd7 6. Qc2 Bd6 7. b3 O-O 8. Be2 b6 9. O-O Bb7 10. Bb2 Qe7 11. Rad1 Rad8 12. Rfe1 Rfe8 13. Bf1 e5 14. cxd5 cxd5 15. Nb5 e4 16. Nxd6 Qxd6 17. Ne5 Rc8 18. Qd2 Nf8 19. Rc1 Ne6 20. Bc3 a6 21. Bb4 Qb8 22. a4 Rxc1 23. Rxc1 Rc8 24. a5 b5 25. Be7 Rxc1 26. Qxc1 Qc8 27. Qxc8+ Bxc8 28. f3 Nd7 29. Nc6 Bb7 30. Nb4 f5 31. Kf2 Kf7 32. Bd6 g6 33. Be2 Nf6 34. Bd1 Nd8 35. Be5 Nc6 36. Nxc6 Bxc6 37. Ke1 Nd7 38. Bc7 Ke6 39. Kd2 h5 40. Kc3 Bb7 41. Kb4 Nf6 42. Be2 Nd7 43. h3 Nf6 44. Bf4 Ba8 45. Be5 Nd7 46. f4 Bc6 47. Bc7 Ke7 48. g4 hxg4 49. hxg4 Ke6 50. Be5 Bb7 51. gxf5+ gxf5 52. Bh5 Bc6 53. Bg6 Nf8 54. Bh5 Nd7 55. Be2 Kf7 56. Bd1 Kg6 57. Kc3 Kh6 58. Bd6 Kg6 59. Kb4 Kh6 60. Be7 Bb7 61. Bd8 Kg6 62. Bg5 Ba8 63. Be2 Bc6 64. Bf1 Kh5 65. Be2+ Kg6 66. Bd8 Kh6 67. Be7 Kg6 68. Bg5 Bb7 69. Kc3 Nf8 70. Kd2 Nd7 71. Bd8 Nb8 72. Bc7 Nc6 73. Kc3 Bc8 74. Bb6 1/2-1/2

[Event "2nd Serbian League-Vojvodina 2023"]
[Site "Novi Sad"]
[Date "2023.11.03"]
[Round "2.5"]
[White "Levnajic, Pavle"]
[Black "Bulajic, Ratko"]
[Result "1-0"]
[ECO "C41"]
[WhiteElo "2160"]
[BlackElo "2075"]
[Annotator "RC"]
[PlyCount "83"]
[EventDate "2023.10.22"]
[EventType "team-tourn"]
[EventCountry "SRB"]
[SourceTitle "playchess.com"]
[Source "ChessBase"]
[SourceQuality "1"]
[TimeControl "40/5400+30:1800+30"]

1. d4 Nf6 2. Nf3 d6 3. Nbd2 Nbd7 4. e4 e5 5. c3 Be7 6. Bc4 O-O 7. O-O c6 8. Bb3 Qc7 9. Re1 a5 10. Nf1 b5 11. Ng3 Nb6 12. Bc2 g6 13. Bh6 Re8 14. h3 Kh8 15. Ng5 Bf8 16. Bxf8 Rxf8 17. dxe5 dxe5 18. Bb3 a4 19. Bxf7 Qe7 20. Qd2 Kg7 21. Qe3 Rb8 22. f4 Rxf7 23. fxe5 Qxe5 24. Nxf7 Kxf7 25. Rf1 Be6 26. Rf3 Kg7 27. Raf1 Nbd7 28. Kh1 Rf8 29. a3 Rf7 30. Qd4 Bc4 31. Rxf6 Rxf6 32. Qxd7+ Kh6 33. Qd2+ Kg7 34. Qd7+ Kh6 35. Rxf6 Qxf6 36. Qd2+ Qg5 37. Qf2 Qc1+ 38. Kh2 Kg5 39. Qc5+ Kh6 40. Qf8+ Kg5 41. Qe7+ Kh6 42. Qf6 1-0

[Event "2nd Serbian League-Vojvodina 2023"]
[Site "Novi Sad"]
[Date "2023.11.03"]
[Round "2.6"]
[White "Roganovic, Nebojsa"]
[Black "Joksimovic, Dragoljub"]
[Result "1-0"]
[ECO "B08"]
[WhiteElo "2129"]
[BlackElo "2123"]
[Annotator "RC"]
[PlyCount "62"]
[EventDate "2023.10.22"]
[EventType "team-tourn"]
[EventCountry "SRB"]
[SourceTitle "playchess.com"]
[Source "ChessBase"]
[SourceQuality "1"]
[TimeControl "40/5400+30:1800+30"]

1. e4 d6 2. d4 g6 3. Nf3 Bg7 4. h3 Nf6 5. Nc3 c6 6. a4 Qc7 7. Be3 O-O 8. Qd2 Re8 9. Bc4 Nbd7 10. Bb3 Qa5 11. O-O Qh5 12. Ng5 e6 13. Ne2 d5 14. e5 Nxe5 15. Ng3 Ne4 16. N5xe4 Nf3+ 17. gxf3 Qxf3 18. Nd6 Rd8 19. Nxc8 Raxc8 20. c3 e5 21. Bd1 Qf6 22. Bg5 Qe6 23. Bxd8 Rxd8 24. Kg2 e4 25. Qg5 f6 26. Bg4 Qd6 27. Qe3 Rf8 28. f4 f5 29. Bd1 g5 30. Nh5 Bh8 31. fxg5 Qg6 1-0

[Event "2nd Serbian League-Vojvodina 2023"]
[Site "Novi Sad"]
[Date "2023.11.03"]
[Round "2.7"]
[White "Balla, Tamas-Kristof"]
[Black "Georgiev, Krum"]
[Result "1/2-1/2"]
[ECO "E81"]
[WhiteElo "2308"]
[BlackElo "2294"]
[Annotator "RC"]
[PlyCount "34"]
[EventDate "2023.10.22"]
[EventType "team-tourn"]
[EventCountry "SRB"]
[SourceTitle "playchess.com"]
[Source "ChessBase"]
[SourceQuality "1"]
[TimeControl "40/5400+30:1800+30"]

1. d4 Nf6 2. c4 g6 3. Nc3 Bg7 4. e4 d6 5. f3 O-O 6. Be3 a6 7. Qd2 c6 8. a4 a5 9. Rd1 Na6 10. Bd3 Nd7 11. Nge2 e5 12. O-O Re8 13. Bb1 exd4 14. Nxd4 Nac5 15. Bc2 Qb6 16. b3 Qb4 17. Nce2 Qxd2 1/2-1/2

[Event "2nd Serbian League-Vojvodina 2023"]
[Site "Novi Sad"]
[Date "2023.11.03"]
[Round "2.8"]
[White "Indjic, Dusan"]
[Black "Pletl, Akos"]
[Result "1-0"]
[ECO "C01"]
[WhiteElo "2304"]
[BlackElo "2155"]
[Annotator "RC"]
[PlyCount "99"]
[EventDate "2023.10.22"]
[EventType "team-tourn"]
[EventCountry "SRB"]
[SourceTitle "playchess.com"]
[Source "ChessBase"]
[SourceQuality "1"]
[TimeControl "40/5400+30:1800+30"]

1. d4 d5 2. c4 c6 3. Nc3 e5 4. e3 exd4 5. exd4 Nf6 6. Nf3 Be6 7. Qb3 Qb6 8. c5 Qc7 9. Bf4 Qc8 10. Bd3 h6 11. O-O Be7 12. Qc2 O-O 13. b4 Nh5 14. Bd2 b6 15. Rfe1 Nf6 16. Ne5 bxc5 17. bxc5 Nbd7 18. Ng6 fxg6 19. Rxe6 Bd8 20. Re2 g5 21. Rae1 Qc7 22. g3 Rb8 23. Bf5 Kh8 24. Re6 Rb7 25. f4 g4 26. Bg6 Qc8 27. f5 Ba5 28. R1e2 Bxc3 29. Bxc3 Ne4 30. R2xe4 dxe4 31. Qxe4 Qb8 32. Qxg4 Rb1+ 33. Kg2 Nf6 34. Qf3 Nd5 35. Rxc6 Qb5 36. Re6 Nxc3 37. f6 Rb2+ 38. Kh3 Qd7 39. fxg7+ Qxg7 40. Qxc3 Rbf2 41. Qe3 R2f6 42. Rxf6 Rxf6 43. Qe8+ Rf8 44. Qe4 Rd8 45. Bf5 Rxd4 46. Qe8+ Qg8 47. Qe5+ Qg7 48. Qe8+ Qg8 49. Qxg8+ Kxg8 50. c6 1-0

[Event "2nd Serbian League-Vojvodina 2023"]
[Site "Novi Sad"]
[Date "2023.11.03"]
[Round "2.9"]
[White "Nagy, Attila N"]
[Black "Mijatovic, Dusan"]
[Result "0-1"]
[ECO "D38"]
[WhiteElo "2164"]
[BlackElo "2139"]
[Annotator "RC"]
[PlyCount "60"]
[EventDate "2023.10.22"]
[EventType "team-tourn"]
[EventCountry "SRB"]
[SourceTitle "playchess.com"]
[Source "ChessBase"]
[SourceQuality "1"]
[TimeControl "40/5400+30:1800+30"]

1. Nf3 d5 2. d4 Nf6 3. c4 e6 4. Nc3 Bb4 5. Qa4+ Nc6 6. e3 O-O 7. Bd2 dxc4 8. Bxc4 a6 9. Qc2 Bd6 10. O-O b5 11. Be2 Bb7 12. a3 e5 13. dxe5 Nxe5 14. Nxe5 Bxe5 15. f4 Bd6 16. Bf3 Bxf3 17. Rxf3 c5 18. e4 c4 19. e5 Bc5+ 20. Kh1 Nd7 21. Ne4 Be7 22. Rh3 g6 23. Rd1 f5 24. exf6 Nxf6 25. Ng5 Qb6 26. Re1 Ng4 27. Ne4 Rae8 28. Rg3 Bh4 29. Rxg4 Bxe1 30. Bxe1 Qe3 0-1

[Event "2nd Serbian League-Vojvodina 2023"]
[Site "Novi Sad"]
[Date "2023.11.03"]
[Round "2.10"]
[White "Mijatovic, Dejan"]
[Black "Gusev, Mikhail"]
[Result "1/2-1/2"]
[ECO "B13"]
[WhiteElo "2185"]
[BlackElo "2012"]
[Annotator "RC"]
[PlyCount "42"]
[EventDate "2023.10.22"]
[EventType "team-tourn"]
[EventCountry "SRB"]
[SourceTitle "playchess.com"]
[Source "ChessBase"]
[SourceQuality "1"]
[TimeControl "40/5400+30:1800+30"]

1. d4 Nf6 2. c4 c5 3. e3 cxd4 4. exd4 d5 5. Nc3 Nc6 6. cxd5 Nxd5 7. Nf3 Bg4 8. Bc4 e6 9. O-O Be7 10. Bxd5 exd5 11. Qd3 Bxf3 12. Qxf3 Nxd4 13. Qd3 Bf6 14. Re1+ Ne6 15. Nxd5 O-O 16. Nxf6+ Qxf6 17. Qb1 Rac8 18. Bd2 Rfd8 19. Bc3 Qg5 20. Re5 Qg6 21. Qxg6 hxg6 1/2-1/2

[Event "2nd Serbian League-Vojvodina 2023"]
[Site "Novi Sad"]
[Date "2023.11.03"]
[Round "2.11"]
[White "Levitan, Judah Nathan"]
[Black "Rosic, Slavko S"]
[Result "0-1"]
[ECO "B88"]
[WhiteElo "1937"]
[BlackElo "2212"]
[Annotator "RC"]
[PlyCount "72"]
[EventDate "2023.10.22"]
[EventType "team-tourn"]
[EventCountry "SRB"]
[SourceTitle "playchess.com"]
[Source "ChessBase"]
[SourceQuality "1"]
[TimeControl "40/5400+30:1800+30"]

1. e4 c5 2. Nf3 e6 3. d4 cxd4 4. Nxd4 Nf6 5. Nc3 d6 6. Bc4 a6 7. Bb3 Nc6 8. Be3 Nxd4 9. Qxd4 Qc7 10. O-O-O b5 11. f4 Bb7 12. Rhe1 Be7 13. h3 O-O 14. g4 Qc6 15. Bf2 a5 16. a3 a4 17. Ba2 Rfe8 18. Bh4 Nxe4 19. Rxe4 Bxh4 20. g5 Qc5 21. Re2 Bf3 22. Qd2 d5 23. Rf1 Bxe2 24. Qxe2 b4 25. axb4 Qxb4 26. Nd1 a3 27. b3 Rec8 28. Kb1 g6 29. Qe3 d4 30. Qe4 Qc5 31. Rf3 Be1 32. h4 Qf5 33. Qe2 Bxh4 34. Qh2 Bxg5 35. Qg2 Bxf4 36. Qf2 e5 0-1

[Event "2nd Serbian League-Vojvodina 2023"]
[Site "Novi Sad"]
[Date "2023.11.03"]
[Round "2.12"]
[White "Bojkovic, Slobodan"]
[Black "Molnar Gabor, Roland"]
[Result "1-0"]
[ECO "D00"]
[WhiteElo "2031"]
[BlackElo "2041"]
[Annotator "NA RC"]
[PlyCount "63"]
[EventDate "2023.10.22"]
[EventType "team-tourn"]
[EventCountry "SRB"]
[SourceTitle "playchess.com"]
[Source "ChessBase"]
[SourceQuality "1"]
[TimeControl "40/5400+30:1800+30"]

1. d4 d5 2. Nc3 c5 3. e4 dxe4 4. d5 Nf6 5. Bg5 Bg4 6. Qd2 h6 7. Bxf6 gxf6 8. Nxe4 Qb6 9. c4 Na6 10. f3 Bd7 11. Ne2 f5 12. N4c3 O-O-O 13. g3 h5 14. h4 f4 15. gxf4 Bh6 16. O-O-O Rhg8 17. Ne4 e5 18. Ng5 Qg6 19. fxe5 Nb4 20. b3 f6 21. a3 fxg5 22. axb4 Bf5 23. hxg5 Bxg5 24. f4 Be7 25. d6 cxb4 26. Nd4 Be4 27. Bh3+ Kb8 28. dxe7 Bxh1 29. exd8=Q+ Rxd8 30. Nc6+ bxc6 31. Qxd8+ Kb7 32. Bc8+ 1-0

[Event "2nd Serbian League-Vojvodina 2023"]
[Site "Novi Sad"]
[Date "2023.11.03"]
[Round "2.13"]
[White "Agdelen, Huseyin Can"]
[Black "Benkovic, Petar"]
[Result "1/2-1/2"]
[ECO "B41"]
[WhiteElo "2401"]
[BlackElo "2361"]
[Annotator "RC"]
[PlyCount "147"]
[EventDate "2023.10.22"]
[EventType "team-tourn"]
[EventCountry "SRB"]
[SourceTitle "playchess.com"]
[Source "ChessBase"]
[SourceQuality "1"]
[TimeControl "40/5400+30:1800+30"]

1. e4 c5 2. Nf3 e6 3. d4 cxd4 4. Nxd4 a6 5. c4 b6 6. Nc3 Bb7 7. Be2 Qc7 8. O-O Nf6 9. Qd3 d6 10. f4 Nbd7 11. b4 Be7 12. Bb2 g6 13. Rac1 Rc8 14. Nd5 Qd8 15. Nxe7 Qxe7 16. Bf3 e5 17. Ne2 O-O 18. Rfd1 Rc6 19. f5 Rfc8 20. Ng3 h5 21. fxg6 fxg6 22. Nf1 Nf8 23. Ne3 Ne6 24. Nd5 Qg7 25. a4 Nd7 26. b5 Rc5 27. Ne3 Nd4 28. Bxd4 exd4 29. Qxd4 Ne5 30. Qxd6 axb5 31. axb5 Qh6 32. Nf1 Qg5 33. Kh1 h4 34. Qxb6 Ba8 35. Ra1 Rxc4 36. Qe3 Qxe3 37. Nxe3 Rb4 38. Rab1 Rxb1 39. Rxb1 Rf8 40. Rf1 Rb8 41. Be2 Bxe4 42. h3 Nd3 43. Ng4 Kg7 44. Nf2 Nxf2+ 45. Rxf2 Re8 46. Bc4 Rc8 47. Be6 Rc1+ 48. Kh2 Rb1 49. Bc4 g5 50. Re2 Ba8 51. Re8 Rb4 52. Bd3 Rb3 53. Bc4 Rb4 54. Bd3 Rb3 55. Rg8+ Kxg8 56. Bc4+ Kf8 57. Bxb3 Ke7 58. Bd1 Kd6 59. Kg1 Kc5 60. Be2 Bd5 61. Kf2 Bf7 62. Ke3 Bg6 63. Bd3 Bf7 64. Bf1 Bd5 65. b6 Bb7 66. Kd3 Bc6 67. Kc3 Bb7 68. Kd3 Bc6 69. Ke3 Bb7 70. Be2 Bxg2 71. Bf3 Bxf3 72. Kxf3 Kxb6 73. Kg4 Kc6 74. Kxg5 1/2-1/2

[Event "2nd Serbian League-Vojvodina 2023"]
[Site "Novi Sad"]
[Date "2023.11.03"]
[Round "2.14"]
[White "Jocev, Milan"]
[Black "Lalic, Bogdan"]
[Result "1/2-1/2"]
[ECO "D02"]
[WhiteElo "2338"]
[BlackElo "2345"]
[Annotator "RC"]
[PlyCount "26"]
[EventDate "2023.10.22"]
[EventType "team-tourn"]
[EventCountry "SRB"]
[SourceTitle "playchess.com"]
[Source "ChessBase"]
[SourceQuality "1"]
[TimeControl "40/5400+30:1800+30"]

1. d4 d5 2. Bf4 c5 3. e3 Nc6 4. c3 Nf6 5. Nd2 e6 6. Ngf3 cxd4 7. exd4 Nh5 8. Be3 Bd6 9. Bd3 Nf4 10. Bxf4 Bxf4 11. O-O O-O 12. Re1 g6 13. Bf1 Qb6 1/2-1/2

[Event "2nd Serbian League-Vojvodina 2023"]
[Site "Novi Sad"]
[Date "2023.11.03"]
[Round "2.15"]
[White "Grujic, Zoran"]
[Black "Stankovic, Milos M"]
[Result "1/2-1/2"]
[ECO "A88"]
[WhiteElo "2315"]
[BlackElo "2249"]
[Annotator "RC"]
[PlyCount "65"]
[EventDate "2023.10.22"]
[EventType "team-tourn"]
[EventCountry "SRB"]
[SourceTitle "playchess.com"]
[Source "ChessBase"]
[SourceQuality "1"]
[TimeControl "40/5400+30:1800+30"]

1. Nf3 g6 2. c4 f5 3. d4 Nf6 4. g3 Bg7 5. Bg2 O-O 6. O-O d6 7. Nc3 Na6 8. b3 c6 9. Bb2 Qc7 10. d5 e5 11. dxe6 Bxe6 12. Nd4 Bf7 13. e3 Rad8 14. Rc1 Nc5 15. Qe2 Qe7 16. Rfd1 Nfe4 17. b4 Nxc3 18. Bxc3 Ne4 19. Bb2 d5 20. c5 a6 21. Qc2 Be8 22. Re1 h5 23. h4 Be5 24. Nf3 Bc7 25. Qd3 Kh7 26. Re2 Bd7 27. a3 Rde8 28. Qd4 Rg8 29. Rcc2 Bb8 30. Re1 Bc7 31. Ree2 Bb8 32. Re1 Bc7 33. Ree2 1/2-1/2

[Event "2nd Serbian League-Vojvodina 2023"]
[Site "Novi Sad"]
[Date "2023.11.03"]
[Round "2.16"]
[White "Milekic, Daniel"]
[Black "Dragojlovic, Andjelko"]
[Result "1/2-1/2"]
[ECO "A42"]
[WhiteElo "2236"]
[BlackElo "2108"]
[Annotator "RC"]
[PlyCount "51"]
[EventDate "2023.10.22"]
[EventType "team-tourn"]
[EventCountry "SRB"]
[SourceTitle "playchess.com"]
[Source "ChessBase"]
[SourceQuality "1"]
[TimeControl "40/5400+30:1800+30"]

1. d4 g6 2. e4 Bg7 3. c4 d6 4. Nc3 Nc6 5. Be3 e5 6. Nge2 exd4 7. Nxd4 Nge7 8. h4 h5 9. Qd2 O-O 10. O-O-O Nxd4 11. Bxd4 Bxd4 12. Qxd4 Nc6 13. Qe3 Be6 14. f4 Re8 15. Be2 f5 16. e5 Kh7 17. Qf2 a6 18. Rd2 Qe7 19. exd6 cxd6 20. Rhd1 Rad8 21. Kb1 Bf7 22. Qg3 Na5 23. Rd4 Nc6 24. R4d2 Na5 25. Rd4 Nc6 26. R4d2 1/2-1/2

[Event "2nd Serbian League-Vojvodina 2023"]
[Site "Novi Sad"]
[Date "2023.11.03"]
[Round "2.17"]
[White "Ilincic, Aleksa"]
[Black "Radlovacki, Jovan"]
[Result "1-0"]
[ECO "B12"]
[WhiteElo "2235"]
[BlackElo "2268"]
[Annotator "RC"]
[PlyCount "93"]
[EventDate "2023.10.22"]
[EventType "team-tourn"]
[EventCountry "SRB"]
[SourceTitle "playchess.com"]
[Source "ChessBase"]
[SourceQuality "1"]
[TimeControl "40/5400+30:1800+30"]

1. e4 c6 2. d4 d5 3. Nd2 g6 4. c3 Bg7 5. a4 Nh6 6. Ngf3 O-O 7. Bd3 f6 8. O-O Nf7 9. Re1 e6 10. Qc2 Na6 11. b4 Nc7 12. Nb3 e5 13. dxe5 fxe5 14. Be3 Qf6 15. Bf1 Rd8 16. b5 cxb5 17. axb5 b6 18. exd5 Nxd5 19. Rad1 Bb7 20. Nbd2 Rac8 21. Ne4 Qf5 22. Qa4 Ra8 23. Nh4 Qc8 24. Bc1 Nf6 25. Rxd8+ Qxd8 26. Ng5 Nxg5 27. Bxg5 Qe8 28. Bc4+ Kh8 29. Qb3 Ne4 30. Be3 Rc8 31. Bf7 Qe7 32. Nf3 Rxc3 33. Qa2 Rc7 34. Bb3 Rc3 35. Qxa7 Rxb3 36. Qb8+ Bf8 37. Bh6 Rxf3 38. gxf3 Ng5 39. Bxf8 Nxf3+ 40. Kf1 Nxh2+ 41. Ke2 Bf3+ 42. Kd3 Qb7 43. Qxe5+ Kg8 44. Bd6 Qf7 45. Qe8+ Qxe8 46. Rxe8+ Kf7 47. Re3 1-0

[Event "2nd Serbian League-Vojvodina 2023"]
[Site "Novi Sad"]
[Date "2023.11.03"]
[Round "2.19"]
[White "Horvath, Zsolt"]
[Black "Skvortsov, Andrei"]
[Result "1-0"]
[ECO "B30"]
[WhiteElo "2377"]
[BlackElo "2294"]
[Annotator "RC"]
[PlyCount "111"]
[EventDate "2023.10.22"]
[EventType "team-tourn"]
[EventCountry "SRB"]
[SourceTitle "playchess.com"]
[Source "ChessBase"]
[SourceQuality "1"]
[TimeControl "40/5400+30:1800+30"]

1. e4 c5 2. Nf3 e6 3. d3 Nc6 4. g3 Nf6 5. Bg2 Be7 6. O-O O-O 7. Re1 d6 8. c3 e5 9. h3 Re8 10. d4 exd4 11. cxd4 Bf8 12. Nc3 a6 13. Bf4 cxd4 14. Nxd4 Ne5 15. Rc1 h6 16. b3 Bd7 17. Be3 Rc8 18. f4 Nc6 19. Qd2 Nxd4 20. Bxd4 Bc6 21. Qf2 Nd7 22. Rcd1 Be7 23. h4 b5 24. Bh3 Rb8 25. Rd2 Bf8 26. Kh2 Qc7 27. Nd5 Qb7 28. Bg2 Nc5 29. Bb2 a5 30. Qd4 Re6 31. Rde2 Nd7 32. g4 Rbe8 33. Re3 Nc5 34. g5 hxg5 35. hxg5 Bxd5 36. exd5 Rxe3 37. Rxe3 Rxe3 38. Qxe3 b4 39. Bd4 Qe7 40. Kg3 g6 41. Qxe7 Bxe7 42. Kf3 Kf8 43. Bf1 Bd8 44. Bxc5 dxc5 45. d6 f6 46. gxf6 Bxf6 47. Ke4 Ke8 48. Kd5 Bd4 49. Bd3 Kf7 50. Kc6 Bf6 51. Kc7 Ke6 52. Bxg6 c4 53. bxc4 a4 54. Bc2 b3 55. axb3 a3 56. Bb1 1-0

[Event "2nd Serbian League-Vojvodina 2023"]
[Site "Novi Sad"]
[Date "2023.11.03"]
[Round "2.20"]
[White "Levitan, Caleb Levi"]
[Black "Szalai, Kornel"]
[Result "1/2-1/2"]
[ECO "B06"]
[WhiteElo "2219"]
[BlackElo "2383"]
[Annotator "RC"]
[PlyCount "34"]
[EventDate "2023.10.22"]
[EventType "team-tourn"]
[EventCountry "SRB"]
[SourceTitle "playchess.com"]
[Source "ChessBase"]
[SourceQuality "1"]
[TimeControl "40/5400+30:1800+30"]

1. e4 g6 2. d4 Bg7 3. Nf3 c6 4. c3 d6 5. Bd3 Nf6 6. Qe2 O-O 7. O-O Bg4 8. Nbd2 Nbd7 9. h3 Bxf3 10. Nxf3 e5 11. dxe5 dxe5 12. Be3 Qe7 13. Bc2 Nc5 14. Nd2 a5 15. a4 Nfd7 16. Nc4 Bf6 17. Rfd1 Rfd8 1/2-1/2

[Event "2nd Serbian League-Vojvodina 2023"]
[Site "Novi Sad"]
[Date "2023.11.03"]
[Round "2.21"]
[White "Nadj Hedjesi, Balind"]
[Black "Ljepic, Andrej"]
[Result "1-0"]
[ECO "B31"]
[WhiteElo "2227"]
[BlackElo "2236"]
[Annotator "RC"]
[PlyCount "89"]
[EventDate "2023.10.22"]
[EventType "team-tourn"]
[EventCountry "SRB"]
[SourceTitle "playchess.com"]
[Source "ChessBase"]
[SourceQuality "1"]
[TimeControl "40/5400+30:1800+30"]

1. e4 c5 2. Nf3 Nc6 3. Bb5 g6 4. Bxc6 dxc6 5. d3 Bg7 6. h3 Nf6 7. Be3 Nd7 8. Nc3 e5 9. Qd2 Qe7 10. Bh6 f6 11. O-O Nf8 12. a3 Bxh6 13. Qxh6 Ne6 14. Ne2 g5 15. b4 Rg8 16. bxc5 Rg6 17. Qh5 Kf8 18. Nh2 Kg8 19. Qf3 Qxc5 20. Ng4 Nf4 21. Ne3 Be6 22. Rfd1 Rd8 23. Ng3 Rd7 24. Kh2 Qc3 25. a4 a5 26. Rab1 Kh8 27. Rb6 Qd4 28. Rdb1 Qxa4 29. Rxb7 Rxb7 30. Rxb7 Rg7 31. Rxg7 Kxg7 32. Ngf5+ Bxf5 33. Nxf5+ Kg6 34. Ne3 Qa2 35. g3 a4 36. gxf4 exf4 37. Nc4 Qxc2 38. e5 f5 39. Kg2 Qc3 40. Qxc6+ Kh5 41. Qd7 h6 42. Qf7+ Kh4 43. Qxf5 h5 44. e6 a3 45. Ne5 1-0

[Event "2nd Serbian League-Vojvodina 2023"]
[Site "Novi Sad"]
[Date "2023.11.03"]
[Round "2.22"]
[White "Dimitrijevic, Nenad"]
[Black "Farkas, Tibor"]
[Result "*"]
[ECO "B80"]
[WhiteElo "2196"]
[BlackElo "2210"]
[Annotator "RC"]
[PlyCount "35"]
[EventDate "2023.10.22"]
[EventType "team-tourn"]
[EventCountry "SRB"]
[SourceTitle "playchess.com"]
[Source "ChessBase"]
[SourceQuality "1"]
[TimeControl "40/5400+30:1800+30"]

1. e4 c5 2. Nf3 d6 3. d4 cxd4 4. Nxd4 Nf6 5. Nc3 a6 6. f3 e6 7. Be3 b5 8. a3 Bb7 9. Qd2 Be7 10. O-O-O O-O 11. g4 Nc6 12. g5 Nd7 13. Nxc6 Bxc6 14. h4 Qb8 15. g6 b4 16. gxh7+ Kxh7 17. axb4 Qxb4 18. Nb1 *

[Event "2nd Serbian League-Vojvodina 2023"]
[Site "Novi Sad"]
[Date "2023.11.03"]
[Round "2.23"]
[White "Juhasz, Bence R"]
[Black "Sokic, Dragomir"]
[Result "1-0"]
[ECO "B06"]
[WhiteElo "2210"]
[BlackElo "2095"]
[Annotator "RC"]
[PlyCount "37"]
[EventDate "2023.10.22"]
[EventType "team-tourn"]
[EventCountry "SRB"]
[SourceTitle "playchess.com"]
[Source "ChessBase"]
[SourceQuality "1"]
[TimeControl "40/5400+30:1800+30"]

1. e4 g6 2. d4 Bg7 3. Nc3 d6 4. Be3 Nd7 5. Qd2 c5 6. Nf3 Qa5 7. Bc4 Nb6 8. Be2 cxd4 9. Nxd4 Be6 10. Ncb5 Qxd2+ 11. Kxd2 Kd7 12. Nxe6 fxe6 13. c3 Nf6 14. f3 Nc8 15. a4 h5 16. Kc2 a6 17. Nd4 Na7 18. Bc4 d5 19. Ba2 1-0

[Event "2nd Serbian League-Vojvodina 2023"]
[Site "Novi Sad"]
[Date "2023.11.03"]
[Round "2.24"]
[White "Leskovac, Nikola"]
[Black "Kecskemeti, Arpad"]
[Result "0-1"]
[ECO "B90"]
[WhiteElo "1927"]
[BlackElo "2185"]
[Annotator "RC"]
[PlyCount "78"]
[EventDate "2023.10.22"]
[EventType "team-tourn"]
[EventCountry "SRB"]
[SourceTitle "playchess.com"]
[Source "ChessBase"]
[SourceQuality "1"]
[TimeControl "40/5400+30:1800+30"]

1. e4 c5 2. Nf3 d6 3. d4 cxd4 4. Nxd4 Nf6 5. Nc3 a6 6. f3 e5 7. Nb3 Be6 8. Be3 Be7 9. Qd2 h5 10. O-O-O Nbd7 11. Kb1 Qc7 12. Nd5 Bxd5 13. exd5 O-O 14. Be2 a5 15. a4 Nb6 16. Bxb6 Qxb6 17. Bb5 g6 18. Rhe1 Bd8 19. f4 Ng4 20. h3 Nf2 21. Rc1 f5 22. fxe5 Kh7 23. c4 Ne4 24. Rxe4 fxe4 25. c5 dxc5 26. Rxc5 Bh4 27. Qc1 e3 28. d6 Bg5 29. Rc7+ Kh6 30. Qc4 Rf4 31. Qe6 Qxb5 32. axb5 e2 33. Rc1 Rf1 34. Rxf1 exf1=Q+ 35. Ka2 Qxb5 36. g3 Rf8 37. h4 Qa4+ 38. Kb1 Rf1+ 39. Kc2 Qe4+ 0-1

[Event "2nd Serbian League-Vojvodina 2023"]
[Site "Novi Sad"]
[Date "2023.11.04"]
[Round "3.1"]
[White "Skvortsov, Andrei"]
[Black "Somborski, Nebojsa"]
[Result "1/2-1/2"]
[ECO "C47"]
[WhiteElo "2294"]
[BlackElo "2266"]
[Annotator "RC"]
[PlyCount "68"]
[EventDate "2023.10.22"]
[EventType "team-tourn"]
[EventCountry "SRB"]
[SourceTitle "playchess.com"]
[Source "ChessBase"]
[SourceQuality "1"]
[TimeControl "40/5400+30:1800+30"]

1. e4 e5 2. Nf3 Nc6 3. Nc3 Nf6 4. h3 a6 5. d4 Bb4 6. Nxe5 Nxe4 7. Qf3 Nf6 8. Be3 d5 9. Bd3 O-O 10. O-O Re8 11. Rfe1 Nxe5 12. dxe5 Rxe5 13. Bd4 Rxe1+ 14. Rxe1 Be6 15. a3 Bd6 16. Bf5 Bxf5 17. Qxf5 c6 18. Re3 h6 19. Rf3 Qe7 20. Kf1 Ne4 21. Nxe4 dxe4 22. Re3 Re8 23. f3 Qe6 24. Qxe6 Rxe6 25. fxe4 h5 26. Kf2 f6 27. Kf3 Kf7 28. Rb3 Re7 29. Rd3 Ke6 30. Bb6 Rd7 31. a4 Be5 32. b3 g6 33. Ke3 Bh2 34. Kf3 Be5 1/2-1/2

[Event "2nd Serbian League-Vojvodina 2023"]
[Site "Novi Sad"]
[Date "2023.11.04"]
[Round "3.2"]
[White "Jakovljev, Zoran"]
[Black "Levitan, Caleb Levi"]
[Result "0-1"]
[ECO "A04"]
[WhiteElo "2194"]
[BlackElo "2219"]
[Annotator "RC"]
[PlyCount "76"]
[EventDate "2023.10.22"]
[EventType "team-tourn"]
[EventCountry "SRB"]
[SourceTitle "playchess.com"]
[Source "ChessBase"]
[SourceQuality "1"]
[TimeControl "40/5400+30:1800+30"]

1. e4 c5 2. Nf3 e6 3. d3 Nc6 4. g3 g6 5. Bg2 Bg7 6. O-O Nge7 7. Re1 d6 8. c3 e5 9. a3 O-O 10. b4 a6 11. Bb2 f5 12. Nbd2 f4 13. Qb3+ Kh8 14. Ng5 Qe8 15. Ne6 Bxe6 16. Qxe6 Rf6 17. Qb3 g5 18. g4 h5 19. f3 Ng6 20. h3 Nh4 21. Kf2 Qd7 22. Nc4 b5 23. Nd2 Rb8 24. Kf1 Rh6 25. Rad1 Bf8 26. Re2 Qh7 27. Rf2 Be7 28. Ke2 Bd8 29. Bf1 Bb6 30. Rh2 hxg4 31. hxg4 Nxf3 32. Rg2 Nxd2 33. Kxd2 c4 34. dxc4 f3 35. Rg3 Qxe4 36. c5 dxc5 37. bxc5 Bxc5 38. Bd3 Qf4+ 0-1

[Event "2nd Serbian League-Vojvodina 2023"]
[Site "Novi Sad"]
[Date "2023.11.04"]
[Round "3.3"]
[White "Ljepic, Andrej"]
[Black "Popovic, Zoran"]
[Result "1-0"]
[ECO "B12"]
[WhiteElo "2236"]
[BlackElo "2210"]
[Annotator "RC"]
[PlyCount "99"]
[EventDate "2023.10.22"]
[EventType "team-tourn"]
[EventCountry "SRB"]
[SourceTitle "playchess.com"]
[Source "ChessBase"]
[SourceQuality "1"]
[TimeControl "40/5400+30:1800+30"]

1. e4 c6 2. d4 d5 3. e5 Bf5 4. h4 h5 5. c4 e6 6. Nc3 Ne7 7. Bg5 Qb6 8. Qd2 dxc4 9. Bxc4 Nd7 10. Nge2 Nd5 11. O-O f6 12. exf6 gxf6 13. Be3 O-O-O 14. Bd3 Bxd3 15. Qxd3 Bd6 16. Nxd5 cxd5 17. Rac1+ Kb8 18. Nf4 Rde8 19. Qg6 Qd8 20. Rc2 Qe7 21. Qd3 Reg8 22. Rfc1 f5 23. g3 Nf6 24. Ng2 Ne4 25. Bf4 Rg4 26. Rc7 Bxc7 27. Rxc7 Qxc7 28. Bxc7+ Kxc7 29. Nf4 Re8 30. Nxh5 Rg6 31. Nf4 Rg7 32. Qb5 Nd6 33. Qc5+ Kd7 34. Qxa7 Rc8 35. Nd3 Ke7 36. Kg2 Rc2 37. Kf3 Kf6 38. Qb8 Ke7 39. Nc5 Ne4 40. Qc7+ Kf6 41. Nd7+ Rxd7 42. Qxc2 e5 43. Qc8 Ke7 44. Ke3 exd4+ 45. Kxd4 Nxf2 46. h5 Ng4 47. a4 Nf6 48. h6 Ke6 49. b4 Kd6 50. Qb8+ 1-0